 Dungeon Crawl Stone Soup version 0.17.2-1-ge4368a0 (webtiles) character file.

110 Goblin1989 the Insei (level 4, 0/35 HPs)
             Began as a Demonspawn Monk on Oct 23, 2016.
             Slain by Goblin1989's ghost (4 damage)
             ... on level 3 of the Dungeon.
             The game lasted 00:07:22 (2257 turns).

Goblin1989 the Insei (Demonspawn Monk)              Turns: 2257, Time: 00:07:22

Health: 0/35       AC:  6    Str: 12    XL:     4   Next: 61%
Magic:  4/4        EV:  5    Int: 11    God:
Gold:   117        SH:  0    Dex: 16    Spells: 0 memorised, 3 levels left

rFire  . . .     SeeInvis .       - Unarmed
rCold  + . .     Clarity  .     j - +0 scale mail
rNeg   . . .     SustAt   .     (no shield)
rPois  .         Gourm    .     (no helmet)
rElec  .         Spirit   .     (no cloak)
rCorr  .         Warding  .     (no gloves)
rMut   .         Stasis   .     (no boots)
MR     .....                    (no amulet)
Stlth  +.........               (no ring)
                                (no ring)

@: not resistant to hostile enchantments, very unstealthy
A: cold resistance 1, freezing cloud immunity
a: no special abilities


You were on level 3 of the Dungeon.
You were hungry.

You visited 1 branch of the dungeon, and saw 3 of its levels.

You collected 117 gold pieces.

Inventory:

Armour
 j - a +0 scale mail (worn)
 r - a +0 helmet
Scrolls
 h - 6 scrolls of identify {unknown}
 k - a scroll of immolation {unknown}
 l - a scroll of teleportation {unknown}
 m - 4 scrolls of remove curse {unknown}
 n - a scroll of fear {unknown}
 p - 2 scrolls of magic mapping {unknown}
 q - a scroll of amnesia {unknown}
 s - a scroll of random uselessness {unknown}
Potions
 a - 2 potions of heal wounds {unknown}
 d - a potion of magic {unknown}
 e - 2 potions of curing {unknown}
 f - a potion of agility {unknown}
 i - 3 potions of beneficial mutation {unknown}
Comestibles
 b - 2 bread rations {@e1}
 c - 3 beef jerkies
 g - a meat ration {@e2}
 o - a slice of pizza


   Skills:
 - Level 3.0 Fighting
 - Level 2.6 Dodging
 - Level 1.7 Stealth
 + Level 5.5 Unarmed Combat


You had 3 spell levels left.
You didn't know any spells.

Dungeon Overview and Level Annotations

Branches:
Dungeon (3/15)

Altars:
Elyvilon
Trog

Annotations:
D:3 Goblin1989's ghost, amateur HOGl


Innate Abilities, Weirdness & Mutations

Your flesh is cold resistant.
You are immune to freezing clouds.


Message History

Done exploring.
You climb downwards.
Level annotation: Goblin1989's ghost, amateur HOGl
There is a stone staircase leading up here.
Goblin1989's ghost hits you!
You take 11 damage, and have 24/35 hp.
MASSIVE DAMAGE!!
You hit Goblin1989's ghost.
Goblin1989's ghost is lightly damaged.
Goblin1989's ghost hits you.
You take 6 damage, and have 18/35 hp.
Goblin1989's ghost wails, "You will join me soon!"
Goblin1989's ghost hits you!
* * * LOW HITPOINT WARNING * * *
You take 11 damage, and have 7/35 hp.
MASSIVE DAMAGE!!
Goblin1989's ghost hits you.
* * * LOW HITPOINT WARNING * * *
There is a stone staircase leading up here.
You take 3 damage, and have 4/35 hp.
Goblin1989's ghost hits you.
You die...

█....█ █.....(......█ █....█
██...........▲ █....█
███████...██......█ █....█
█.........█.....█.█ █....█
█.........█.█.█▲█▲███
██....███...................█ █
█.................█.█.......██.█
█.........<.....█W.............█
█...............@.......█▲█.████
█...............██......█ █.<█
█.......................█ █..█
█................█..█∆███ █..█
█................██.█.█ █..█
█.........██████......█ █..█
█....)....█ █████..█ █...
█.........█ █.>█ ...█
█.........█ ██.█ .███


You could see Goblin1989's ghost.

Vanquished Creatures
  Terence (D:3)
  2 adders (D:2)
  An ooze (D:2)
  A worm (D:2)
  2 giant geckos
  12 bats
  5 giant cockroaches
  4 goblins
  3 hobgoblins
  12 jackals
  6 kobolds
  2 giant newts (D:2)
  8 rats
59 creatures vanquished.

Notes
Turn   | Place    | Note
--------------------------------------------------------------
     0 | D:1      | Goblin1989 the Demonspawn Monk began the quest for the Orb.
     0 | D:1      | Reached XP level 1. HP: 18/18 MP: 1/1
    56 | D:1      | Reached skill level 4 in Unarmed Combat
   103 | D:1      | Gained mutation: Your flesh is cold resistant. [demonic ancestry]
   103 | D:1      | Reached XP level 2. HP: 17/24 MP: 2/2
   783 | D:1      | Reached XP level 3. HP: 27/29 MP: 3/3
  1204 | D:2      | Found a white marble altar of Elyvilon.
  1356 | D:2      | Found a faded altar to an unknown god.
  1358 | D:2      | Reached skill level 5 in Unarmed Combat
  1616 | D:2      | Gained mutation: You are immune to freezing clouds. [demonic ancestry]
  1616 | D:2      | Reached XP level 4. HP: 35/35 MP: 4/4
  1627 | D:2      | Found a bloodstained altar of Trog.
  1897 | D:3      | Noticed Terence
  1931 | D:3      | Killed Terence
  1940 | D:3      | Noticed Goblin1989's ghost (amateur HOGl)
  2257 | D:3      | Slain by Goblin1989's ghost

Action                   |  1- 3 |  4- 6 || total
-------------------------+-------+-------++-------
Melee: Unarmed           |   181 |    52 ||   233
  Eat: Chunk             |     2 |     2 ||     4

Vault maps used:
D:1:      dpeg_arrival_castle
D:2:      lemuel_crystal_altar, old_standard_altar, ecumenical_altar_1,
          serial_park_tiny_pond
D:3:      marbit_many_paths, okawaru_metal_pillars_1_2, uniq_terence
